Map: Frost LE

Players

Fropez

  • Race: Protoss Protoss
  • League: Silver
  • Spawn Location: 7:00

Widowmaker - Winner!

  • Race: Protoss Protoss
  • League: Silver
  • Spawn Location: 1:00

VOD

Have the link to the VOD?

Description

Time

  • Played on: July 8, 2016, 9:58 a.m.
  • Length: 10:01
Show
View Real Time Build Order
Export as new Build Order

Fropez Protoss 

Build Orders:  

Get SALT Encoding   

  12  0:01  Probe (Chrono Boost)  
  13  0:17  Pylon  
  13  0:24  Probe (Chrono Boost)  
  14  0:37  Gateway  
  14  0:40  Assimilator  
  15  0:43  Probe (Chrono Boost)  
  15  1:08  Gateway  
  15  1:17  Probe (Chrono Boost)  
  16  1:26  Cybernetics Core  
  16  1:29  Pylon  
  16  1:30  Probe (Chrono Boost)  
  17  1:41  Probe (Chrono Boost)  
  18  2:07  Probe (Chrono Boost)  
  19  2:12  Warp Gate (Chrono Boost)  
  19  2:13  Adept x2  
  23  2:18  Probe (Chrono Boost)  
  23  2:20  Assimilator  
  24  2:29  Mothership Core (Chrono Boost)  
  26  2:40  Adept x2  
  30  2:50  Probe  
  31  3:00  Pylon  
  31  3:18  Probe  
  32  3:32  Probe  
  29  3:43  Gateway  
  29  3:47  Probe  
  29  3:48  Twilight Council, Gateway  
  25  4:14  Nexus  
  25  4:21  Pylon  
  25  4:30  Blink (Chrono Boost)  
  25  4:36  Probe  
  26  5:02  Stalker x2  
  26  5:03  Stalker x2  
  34  5:07  Probe  
  35  5:20  Probe, Robotics Facility  
  36  5:25  Probe  
  37  5:36  Sentry  
  37  5:37  Sentry  
  37  5:38  Sentry  
  43  5:45  Probe  
  43  5:49  Pylon  
  44  5:53  Probe  
  44  5:55  Pylon  
  45  6:07  Observer  
  45  6:10  Stalker x2  
  50  6:17  Stalker  
  52  6:20  Stalker  
  54  6:29  Probe  
  54  6:30  Probe  
  56  6:38  Pylon  
  56  6:40  Probe, Gateway  
  56  6:46  Assimilator  
  57  6:49  Assimilator  
  57  6:50  Probe  
  58  6:57  Warp Prism  
  56  7:26  Stalker x4  
  56  7:36  Probe  
  56  7:37  Probe  
  58  7:52  Stalker x3  
  58  7:53  Stalker  
  66  8:05  Pylon  
  66  8:17  Forge x2  
  66  8:18  Pylon  
  66  8:24  Zealot x3  
  66  8:25  Zealot  
  66  8:26  Zealot  
  66  8:45  Probe x2  
  58  8:56  Stalker x2  
  58  8:57  Stalker  
  64  9:10  Stalker x2  
  68  9:20  Sentry x3  
  70  9:33  Observer  
  70  9:37  Probe x2  
  73  9:43  Pylon  
Show
View Real Time Build Order
Export as new Build Order

Widowmaker Protoss - Winner!

Build Orders: 1 Gate Expand, Colossus Rush 

Get SALT Encoding   

  12  0:00  Probe (Chrono Boost)  
  13  0:11  Probe (Chrono Boost)  
  14  0:17  Pylon  
  14  0:22  Probe (Chrono Boost)  
  16  0:36  Probe (Chrono Boost)  
  16  0:39  Gateway  
  16  0:46  Probe (Chrono Boost), Assimilator  
  18  0:57  Probe (Chrono Boost)  
  18  0:58  Pylon  
  18  1:07  Probe (Chrono Boost)  
  19  1:18  Probe (Chrono Boost)  
  20  1:26  Cybernetics Core  
  20  1:42  Nexus  
  20  1:57  Zealot  
  22  2:05  Pylon  
  22  2:07  Forge  
  22  2:12  Assimilator  
  22  2:13  Probe (Chrono Boost)  
  23  2:23  Probe (Chrono Boost)  
  23  2:26  Stalker  
  26  2:34  Probe (Chrono Boost)  
  27  2:45  Probe (Chrono Boost)  
  28  2:52  Protoss Ground Weapons Level 1  
  28  2:56  Probe (Chrono Boost), Stalker  
  31  3:02  Robotics Facility  
  31  3:06  Probe (Chrono Boost)  
  31  3:08  Probe (Chrono Boost)  
  33  3:17  Probe (Chrono Boost)  
  33  3:19  Probe (Chrono Boost)  
  31  3:35  Probe (Chrono Boost)  
  32  3:46  Probe (Chrono Boost), Gateway  
  33  3:55  Stalker  
  35  3:56  Probe (Chrono Boost)  
  35  3:58  Probe (Chrono Boost)  
  36  4:07  Probe (Chrono Boost)  
  36  4:09  Probe (Chrono Boost)  
  38  4:17  Probe (Chrono Boost)  
  38  4:19  Probe (Chrono Boost)  
  44  4:24  Immortal  
  44  4:28  Probe (Chrono Boost)  
  44  4:30  Robotics Bay, Probe (Chrono Boost)  
  46  4:34  Pylon  
  46  4:39  Probe (Chrono Boost)  
  46  4:40  Stalker  
  46  4:44  Stalker  
  51  4:52  Pylon, Probe (Chrono Boost)  
  53  4:53  Probe (Chrono Boost)  
  53  4:59  Assimilator  
  53  5:01  Assimilator  
  53  5:02  Probe (Chrono Boost)  
  53  5:06  Probe (Chrono Boost)  
  55  5:07  Protoss Shields Level 1  
  55  5:29  Probe (Chrono Boost)  
  55  5:32  Probe (Chrono Boost)  
  57  5:39  Probe (Chrono Boost)  
  57  5:40  Warp Gate  
  63  5:42  Probe (Chrono Boost)  
  63  5:49  Colossus (Chrono Boost)  
  69  5:55  Zealot x2  
  69  6:36  Pylon  
  69  6:37  Pylon  
  69  6:39  Pylon  
  69  6:41  Pylon  
  69  6:42  Nexus  
  69  6:44  Pylon  
  69  6:47  Pylon  
  69  6:52  Extended Thermal Lance  
  69  6:54  Zealot, Colossus (Chrono Boost)  
  77  6:55  Zealot  
  79  7:04  Probe x2  
  80  7:16  Probe x2  
  80  7:21  Zealot  
  80  7:22  Zealot  
  86  7:28  Probe x2  
  88  7:34  Nexus  
  88  7:40  Probe  
  88  7:41  Probe  
  90  7:48  Colossus (Chrono Boost)  
  96  7:53  Probe x2  
  98  8:02  Gateway x2  
  98  8:03  Gateway  
  98  8:06  Gateway  
  98  8:07  Pylon x2  
  98  8:09  Pylon  
  98  8:10  Pylon  
  98  8:18  Stalker x2  
  102  8:35  Immortal (Chrono Boost)  
  106  8:59  Twilight Council  
  106  9:02  Pylon  
  106  9:06  Stalker  
  106  9:07  Stalker x4  
  106  9:09  Colossus (Chrono Boost)  
  121  9:33  Assimilator  
  121  9:35  Assimilator  
  121  9:36  Probe  
  121  9:37  Probe  
  121  9:38  Probe  
Tags
 
Matchup
PvP
Replay Pack
All Mines
Spawn Locations
Cross Positions
Add a new tag
Caveats
  • Supply blocks, unpowered buildings, or Contaminate may cause inaccurate times.
  • Supply counts are checked every 10 seconds.